 Dungeon Crawl Stone Soup version 0.29-a0-824-gd827844252 (console) character file.

Game seed: 18285788607466845470

205 CannotBeFrozen the Slasher (level 5, -3/41 HPs)
             Began as a Demigod Warper on July 10, 2022.
             Killed by divine providence
             ... invoked by an orc priest
              (13 damage)
             ... on level 4 of the Dungeon.
             The game lasted 00:18:17 (3661 turns).

CannotBeFrozen the Slasher (Demigod Warper)         Turns: 3661, Time: 00:18:17

Health: -3/41      AC:  9    Str: 18    XL:     5   Next: 27%
Magic:  10/10      EV: 11    Int: 19    God:
Gold:   75         SH:  0    Dex: 13    Spells: 3/8 levels left

rFire   . . .      SeeInvis .   b - +2 dagger (elec)
rCold   . . .      Faith    .   (no shield)
rNeg    . . .      Spirit   .   h - +0 ring mail
rPois   .          Reflect  .   (no helmet)
rElec   .          Harm     .   (no cloak)
rCorr   .          Rampage  .   (no gloves)
Will    +....                   j - +1 pair of boots
Stlth   ++........              (no amulet)
HPRegen 0.13/turn               x - ring of willpower
MPRegen 0.12/turn               w - +6 ring of strength

@: no status effects
A: high MP 1, forlorn, divine attributes, iridescent scales 1, sturdy frame 1
a: no special abilities


You were on level 4 of the Dungeon.
You visited 1 branch of the dungeon, and saw 4 of its levels.

You collected 181 gold pieces.
You spent 106 gold pieces at shops.

Inventory:

Hand Weapons
 a - a +1 falchion of holy wrath
 b - a +2 dagger of electrocution (weapon)
 m - a +0 falchion of freezing
Missiles
 c - 3 datura-tipped darts {=f=F}
 d - 7 boomerangs of dispersal {=f=F}
 g - 25 stones (quivered)
Armour
 f - a +0 buckler
 h - a +0 ring mail (worn)
 i - a +0 leather armour
 j - a +1 pair of boots (worn)
Jewellery
 p - a ring of resist corrosion
 w - a +6 ring of strength (right hand)
 x - a ring of willpower (left hand)
Scrolls
 k - a scroll of brand weapon
 r - a scroll of poison {unknown}
 t - a scroll of magic mapping {unknown}
 v - 2 scrolls of identify {@r1}
Potions
 e - a potion of degeneration {unknown}
 l - a potion of lignification {unknown}
 n - a potion of haste {unknown}
 o - a potion of heal wounds {@q2}
 q - 2 potions of might
 s - a potion of resistance {unknown}
 u - a potion of attraction {unknown}
 z - a potion of magic {unknown}


   Skills:
 - Level 2.0 Fighting
 - Level 4.2 Long Blades
 - Level 0.8 Throwing
 - Level 0.8 Armour
 - Level 1.7 Dodging
 - Level 2.0 Stealth
 - Level 2.0 Spellcasting
 + Level 3.4 Translocations


You had 3 spell levels left.
You knew the following spells:

 Your Spells              Type           Power      Damage    Failure   Level
o - Ozocubu's Armour      Ice            1%         N/A       54%         3
z - Blink                 Tloc           28%        N/A       9%          2

Your spell library contained the following spells:

 Spells                   Type           Power      Damage    Failure   Level
 Apportation              Tloc           28%        N/A       5%          1
 Gell's Gravitas          Tloc           14%        N/A       17%         3
 Lesser Beckoning         Tloc           14%        N/A       17%         3
 Teleport Other           Tloc           14%        N/A       17%         3
 Slow                     Hex            4%         N/A       22%         1
 Summon Small Mammal      Summ           4%         N/A       22%         1
 Ensorcelled Hibernation  Hex/Ice        2%         N/A       32%         2
 Passwall                 Tmut/Erth      0%         N/A       32%         2
 Call Canine Familiar     Summ           1%         N/A       54%         3
 Confusing Touch          Hex            1%         N/A       54%         3
 Summon Guardian Golem    Hex/Summ       1%         N/A       54%         3
 Swiftness                Air            1%         N/A       54%         3
 Vampiric Draining        Necr           1%         2d6       54%         3
 Manifold Assault         Tloc           14%        N/A       83%         5
 Summon Forest            Summ/Tloc      4%         N/A       97%         5
 Alistair's Intoxication  Tmut/Pois      0%         N/A       99%         5
 Summon Mana Viper        Hex/Summ       1%         N/A       99%         5
 Summon Cactus Giant      Summ           0%         N/A       100%        6
 Ozocubu's Refrigeration  Ice            0%         4d5       100%        7


Dungeon Overview and Level Annotations

Branches:
Dungeon (4/15)
 Temple: D:4-7

Shops:
D:2 [   D:3 !(*

Annotations:
D:2 Sigmund
D:3 Grinder
D:4 Blork the orc


Innate Abilities, Weirdness & Mutations

You have an increased reservoir of magic. (+10% MP)
You shall have no god before yourself.
Your divine heritage dramatically boosts your attributes as you level up.
You are partially covered in iridescent scales. (AC +2)
Your movements are slightly less encumbered by armour. (ER -2)


Message History

The orc priest is lightly wounded.
The orc priest hits you but does no damage.
You closely miss the orc priest.
The orc priest is lightly wounded.
The orc priest completely misses you.
Blork the orc gestures wildly while chanting.
Blork the orc seems to speed up.
You barely miss the orc priest.
The orc priest is lightly wounded.
The orc priest calls down the wrath of Beogh upon you.
Beogh smites you!
* * * LOW HITPOINT WARNING * * *
Blork the orc frowns.
HP: 15/41 (-11) ====-------- !!
You barely miss the orc priest.
The orc priest is lightly wounded.
The orc priest calls down the wrath of Beogh upon you.
Pain shoots through your body!
* * * LOW HITPOINT WARNING * * *
HP: 3/41 (-12) ------------ !!
Okay, then.
You feel much better. The orc priest barely misses you.
You barely miss the orc priest.
The orc priest is lightly wounded.
The orc priest hits you with a +0 hand axe!
* * * LOW HITPOINT WARNING * * *
HP: 14/41 (-7) ====-------- !
You closely miss the orc priest.
The orc priest is lightly wounded.
An orc comes into view. It is wielding a +0 trident.
The orc priest calls down the wrath of Beogh upon you.
Pain shoots through your body!
* * * LOW HITPOINT WARNING * * *
HP: 10/41 (-4) ==---------- You closely miss the orc priest.
The orc priest is lightly wounded.
Blork the orc screams, "I'll rip your head off!"
The orc priest mumbles some strange prayers to Beogh against you.
Beogh smites you!
You die...

###### #....# #....# ##### #....#
##...## #....######### ##.....##
#.<.oo@..<...##### #.......#
#....##..........#####.>.....#
#....#.......................#
#...........<......####.....##.
#..................##...........
###.#..o...............[.....#...
#.#..............###.......# ##
#o#..............# #.........
#.##............## ##.....#...
#...............# ##...##.#.
#......############.# ####.. #


You could see Blork the orc (fast), an orc priest and an orc (wandering).

Vanquished Creatures
  Jessica (D:2)
  A scorpion zombie (D:3)
  2 orc wizards (D:4)
  A hound zombie (D:3)
  A hound skeleton (D:3)
  A gnoll (D:1)
  2 adders
  2 worms (D:2)
  A dart slug (D:3)
  An orc (D:4)
  4 endoplasms
  4 giant cockroaches
  5 goblins
  12 hobgoblins
  4 jackals (D:1)
  2 kobolds
  A quokka (D:1)
  3 ball pythons (D:1)
  A ball python zombie (D:3)
  4 bats
  3 frilled lizards
  A giant cockroach zombie (D:3)
  A quokka skeleton (D:3)
58 creatures vanquished.

Vanquished Creatures (others)
  A plant (D:1)
  A withered plant (D:3)
2 creatures vanquished.

Grand Total: 60 creatures vanquished

Notes
Turn   | Place    | Note
-------+----------+-------------------------------------------
     0 | D:1      | CannotBeFrozen the Demigod Warper began the quest for the
                  | Orb.
     0 | D:1      | Reached XP level 1. HP: 17/17 MP: 5/5
    33 | D:1      | Reached skill level 2 in Long Blades
   335 | D:1      | Reached XP level 2. HP: 24/24 MP: 7/7
   340 | D:1      | Learned a level 2 spell: Blink
   870 | D:1      | Reached skill level 3 in Long Blades
   974 | D:1      | Reached XP level 3. HP: 29/29 MP: 8/8
  1556 | D:2      | Noticed Jessica
  1568 | D:2      | Killed Jessica
  1964 | D:2      | Reached skill level 4 in Long Blades
  1973 | D:2      | Noticed Sigmund
  2000 | D:2      | Gained mutation: Your movements are slightly less
                  | encumbered by armour. (ER -2) [potion of mutation]
  2000 | D:2      | Gained mutation: You are partially covered in iridescent
                  | scales. (AC +2) [potion of mutation]
  2308 | D:3      | Reached XP level 4. HP: 33/36 MP: 9/9
  2338 | D:3      | Learned a level 3 spell: Ozocubu's Armour
  2347 | D:3      | Found Muek's Assorted Antiques.
  2360 | D:3      | Bought a silvery potion for 26 gold pieces
  2485 | D:3      | Noticed Grinder
  2819 | D:2      | Reached skill level 1 in Stealth
  2832 | D:2      | Found Nyby's Armour Emporium.
  3136 | D:3      | Found Pumuly's Antique Weapon Shoppe.
  3136 | D:3      | Found Akuiguuwk's Distillery.
  3157 | D:3      | Bought a potion of might for 40 gold pieces
  3157 | D:3      | Bought a potion of might for 40 gold pieces
  3455 | D:4      | Reached XP level 5. HP: 41/41 MP: 10/10
  3631 | D:4      | Noticed Blork the orc
  3661 | D:4      | Killed from afar by an orc priest

Illustrated notes

Levels and vault maps discovered:
D:1:      tarquinn_simple_flora_water_b, layout_basic, minmay_strange_pillars
D:2:      minmay_chambers_of_ones, layout_loops_ring, serial_shops,
          nicolae_shop_waterfront, minmay_tetromino_i4, uniq_sigmund,
          uniq_jessica
D:3:      layout_basic, mainiacjoe_overflow_cross_hatched, elyvilon_altar_4,
          serial_undead, serial_undead_b, serial_undead_b, serial_undead_b,
          serial_undead_d, serial_undead_b, serial_undead_f, serial_shops,
          nicolae_shop_crystal, shop, nicolae_square_shop,
          hellmonk_ecumenical_altar_arch_garden, uniq_grinder,
          uniq_crazy_yiuf_cottage
D:4:      layout_rooms, nicolae_wormholes, uniq_blork_the_orc

Skill      XL: |  1  2  3  4  5 |
---------------+----------------+-----
Long Blades    | 2 3 4 |  4.2
Stealth        | 2 |  2.0
Fighting       | 2 |  2.0
Spellcasting   | 2 |  2.0
Translocations | 3 |  3.4
Throwing       | |  0.8
Armour         | |  0.8
Dodging        | |  1.7

Action                   |  1- 3 |  4- 6 || total
-------------------------+-------+-------++-------
Melee: Falchion          |    39 |    21 ||    60
       Dagger            |    62 |    66 ||   128
       Punch             |     1 |     2 ||     3
Throw: Stone             |     5 |     4 ||     9
  Use: Scroll            |     4 |     4 ||     8
       Potion            |     4 |     1 ||     5
 Stab: Sleeping          |       |     2 ||     2
Armor: Leather armour    |    36 |    13 ||    49
       Ring mail         |       |    14 ||    14
Dodge: Dodged            |    62 |    39 ||   101
Block: Buckler           |    13 |       ||    13

Table legend: (Time is in decaauts)
 A = Elapsed time spent in this place.
 B = Non-inter-level travel time spent in this place.
 C = Inter-level travel time spent in this place.
 D = Time resting spent in this place.
 E = Time spent auto-exploring this place.
 F = Levels seen in this place.
 G = Mean time per level.
                   A        B        C        D        E       F      G
               +--------+--------+--------+--------+--------+-----+--------+
         Total |   3664 |   3554 |    110 |    850 |   1323 |   4 |  916.0 |
       Dungeon |   3664 |   3554 |    110 |    850 |   1323 |   4 |  916.0 |
               +--------+--------+--------+--------+--------+-----+--------+

Top non-repeatable levels by time:
     D:1: 1718 daAuts
     D:2: 1164 daAuts
     D:3: 655 daAuts
     D:4: 125 daAuts
